 Dungeon Crawl Stone Soup version 0.19.1 (webtiles) character file.

109 mmcf the Insei (level 4, -18/32 HPs)
             Began as a Merfolk Transmuter on Dec 3, 2016.
             Engulfed by a cloud of flame (28 damage)
             ... on level 3 of the Dungeon.
             The game lasted 00:06:45 (3262 turns).

mmcf the Insei (Merfolk Transmuter)                 Turns: 3262, Time: 00:06:46

Health: -18/32     AC:  2    Str: 10    XL:     4   Next: 90%
Magic:  7/7        EV: 14    Int: 13    God:
Gold:   184        SH:  0    Dex: 14    Spells: 3 memorised, 1 level left

rFire  . . .     SeeInvis .       - Unarmed
rCold  . . .     Gourm    .     b - +0 robe
rNeg   . . .     Faith    .     (no shield)
rPois  .         Spirit   .     (no helmet)
rElec  .         Reflect  .     (no cloak)
rCorr  .         Harm     .     (no gloves)
MR     .....                    (no boots)
Stlth  +.........               (no amulet)
                                (no ring)
                                (no ring)

@: no status effects
A: change form in water, swift swim, stealthy swim
a: no special abilities


You were on level 3 of the Dungeon.
You were not hungry.

You visited 1 branch of the dungeon, and saw 4 of its levels.

You collected 184 gold pieces.

Inventory:

Missiles
 a - 12 arrows
 k - 101 stones (quivered)
 z - 16 sling bullets
 C - 17 poisoned needles
Armour
 b - a +0 robe (worn)
Jewellery
 x - a cursed -3 ring of dexterity {unknown}
 A - an uncursed amulet of guardian spirit {unknown}
 B - a +5 ring of strength {unknown}
Scrolls
 e - 2 scrolls of fog {unknown}
 h - a scroll of fear {unknown}
 i - 3 scrolls of remove curse {unknown}
 j - 2 scrolls of amnesia {unknown}
 m - 5 scrolls of identify {unknown}
 o - a scroll of noise {unknown}
 s - a scroll of enchant armour {unknown}
 v - a scroll of teleportation {unknown}
 y - a scroll of blinking {unknown}
Potions
 f - a potion of resistance {unknown}
 g - a potion of cancellation {unknown}
 l - 2 potions of curing {unknown}
 n - a potion of degeneration {unknown}
 q - a potion of heal wounds {unknown}
 t - a potion of lignification {unknown}
Books
 c - a book of Changes

   Spells                             Type                      Level
   a - Beastly Appendage              Transmutation                1
   b - Sticks to Snakes               Transmutation                2
   c - Spider Form                    Transmutation/Poison         3
   d - Ice Form                       Ice/Transmutation            4
   e - Blade Hands                    Transmutation                5
Comestibles
 d - 3 bread rations
 p - 3 meat rations
 r - 4 fruits
 u - a chunk of flesh
 w - 2 beef jerkies


   Skills:
 + Level 1.4 Fighting
 - Level 4.0 Dodging
 - Level 5.0 Unarmed Combat
 - Level 2.0 Spellcasting
 + Level 3.2 Transmutations


You had one spell level left.
You knew the following spells:

 Your Spells              Type           Power        Failure   Level  Hunger
a - Beastly Appendage     Tmut           #.....       10%         1    ##.....
b - Sticks to Snakes      Tmut           #.......     12%         2    ###....
c - Spider Form           Tmut/Pois      #.........   38%         3    ####...


Dungeon Overview and Level Annotations

Branches:
Dungeon (4/15)
 Temple: D:4-7

Altars:
Vehumet
The Shining One


Message History

a club; a ring mail; a dagger There isn't anything to butcher here.
There isn't anything to butcher here.
Your transformation is almost over.
You now have 166 gold pieces (gained 9).
Things that are here:
a club; a ring mail; a dagger Your horns disappear.
Really walk into a travel-excluded area?
You now have 184 gold pieces (gained 18).
Found 13 gold pieces.
A bat comes into view.
You are engulfed in roaring flames.
Ouch! That really hurt!
Found a stone staircase leading down.
You see here a scroll labeled GOM YJ YFFEIR.
m - 5 scrolls labeled GOM YJ YFFEIR (gained 1)
You are engulfed in roaring flames.
Ouch! That really hurt!
You die...

#######.........
#.#
#......[.......#
#..
#.#.###.###....#
#..
#.#.###.###.#..# #
#..
#.#.##..##...§.#
###.#..
#.....)..(§§.§.#
#......
###.##..#..._..##
#.#.##.
#.##..##.§....#
#.##.
#.##..##§..@..####
#....
#................$.
...###.
####..######.#.#.#.
# #. .....# .....
#. #.# #####.#
##....> #. ..# #..
...b. #. ### #.#
...# #. ###### #.#
###... .. ...... ..
#..# ##


You could see a bat.

Vanquished Creatures
  2 adders (D:4)
  An ooze (D:3)
  A worm (D:3)
  4 leopard geckos
  6 orcs (D:3)
  A giant cockroach (D:1)
  8 goblins
  9 hobgoblins
  11 jackals
  3 kobolds
  10 bats
  5 frilled lizards
  A quokka skeleton (D:4)
  3 rats
65 creatures vanquished.

Notes
Turn   | Place    | Note
-------+----------+-------------------------------------------
     0 | D:1      | mmcf the Merfolk Transmuter began the quest for the Orb.
     0 | D:1      | Reached XP level 1. HP: 15/15 MP: 3/3
   131 | D:1      | Reached XP level 2. HP: 18/21 MP: 5/5
   395 | D:1      | Learned a level 2 spell: Sticks to Snakes
   521 | D:1      | Reached skill level 4 in Unarmed Combat
   614 | D:1      | Reached XP level 3. HP: 26/26 MP: 6/6
   619 | D:1      | Learned a level 3 spell: Spider Form
  1918 | D:2      | Found a glowing golden altar of the Shining One.
  2209 | D:3      | Reached XP level 4. HP: 26/32 MP: 7/7
  2950 | D:4      | Reached skill level 5 in Unarmed Combat
  3226 | D:3      | Found a radiant altar of Vehumet.
  3262 | D:3      | Engulfed by a cloud of flame

Skill      XL: |  1  2  3  4 |
---------------+-------------+-----
Dodging        | 3 4 |  4.0
Unarmed Combat | 4 5 |  5.0
Transmutations | 3 |  3.2
Fighting       | |  1.4
Spellcasting   | |  2.0

Action                   |  1- 3 |  4- 6 || total
-------------------------+-------+-------++-------
Melee: Unarmed           |   144 |    76 ||   220
       Punch             |     3 |     2 ||     5
       Headbutt          |     1 |     9 ||    10
 Cast: Beastly Appendage |     2 |     8 ||    10
 Stab: Sleeping          |     3 |       ||     3
  Eat: Chunk             |     2 |     4 ||     6
       Fruit             |     2 |       ||     2
Armor: Robe              |    35 |    14 ||    49
Dodge: Dodged            |   128 |    65 ||   193
